 Dungeon Crawl Stone Soup version 0.21.1-1-g345015f (webtiles) character file.

39032 inmateoo the Brawler (level 14, 0/77 HPs)
             Began as a Vine Stalker Wizard on Feb 20, 2018.
             Was an Elder of Cheibriados.
             Hit by a large rock thrown by a cyclops (8 damage)
             ... on level 14 of the Dungeon.
             The game lasted 00:23:03 (12452 turns).

inmateoo the Brawler (Vine Stalker Wizard)         Turns: 12452, Time: 00:23:03

Health: 0/77       AC: 27    Str: 25    XL:     14   Next: 4%
Magic:  0/21       EV: 12    Int: 28    God:    Cheibriados [****..]
Gold:   875        SH:  8    Dex: 23    Spells: 10/21 levels left

rFire    + . .     SeeInvis .     - Unarmed
rCold    + + .     Gourm    .   D - +2 buckler {AC+3}
rNeg     . . .     Faith    .   L - +3 plate armour {rC+}
rPois    .         Spirit   +   q - +1 helmet
rElec    .         Reflect  .   O - +0 cloak
rCorr    .         Harm     .   g - +0 pair of gloves
MR       ++...                  r - +0 pair of boots
Stlth    ..........             (no amulet)
HPRegen  1.02/turn              C - ring of protection from magic
MPRegen  0.17/turn              A - ring of protection from cold

@: very slow
A: fangs 3, hooves 1, molten scales 1, fire resistance 1, regeneration 2, magic
shield, antimagic bite, no potion heal 3, rot immunity, MP-powered wands
a: Bend Time, Temporal Distortion, Slouch, Renounce Religion


You were on level 14 of the Dungeon.
You worshipped Cheibriados.
Cheibriados was greatly pleased with you.
You were not hungry.

You visited 2 branches of the dungeon, and saw 15 of its levels.
You also visited: Ossuary.

You collected 875 gold pieces.

Inventory:

Hand Weapons
 f - a +2 dagger of venom
Armour
 g - a +0 pair of gloves (worn)
 q - a +1 helmet (worn)
 r - a +0 pair of boots (worn)
 D - a +2 buckler of protection (worn)
 L - a +3 plate armour of cold resistance (worn)
 O - a +0 cloak (worn)
Jewellery
 j - an uncursed ring of protection from magic
 A - a ring of protection from cold (right hand)
 C - a ring of protection from magic (left hand)
 F - an uncursed ring of protection from fire
Wands
 p - a wand of flame (37)
 G - a wand of scattershot (5)
 J - a wand of paralysis (13)
Scrolls
 a - a scroll of identify
 e - 2 scrolls of enchant armour
 m - 8 scrolls of remove curse
 s - 2 scrolls of magic mapping
 u - 3 scrolls of immolation
 w - 3 scrolls of fog
 y - a scroll of amnesia
 I - a scroll of teleportation
 N - a scroll of enchant weapon
Potions
 b - 4 potions of flight
 h - 6 potions of brilliance
 i - 6 potions of curing
 k - 2 potions of resistance
 l - 3 potions of magic
 n - 4 potions of lignification
 o - a potion of cancellation
 v - 3 potions of agility
 x - 2 potions of ambrosia
 z - 2 potions of mutation
 B - a potion of berserk rage {unknown}
 E - 2 potions of might
Books
 c - a book of Minor Magic

   Spells                             Type                      Level
   a - Magic Dart                     Conjuration                  1
   b - Blink                          Translocation                2
   c - Call Imp                       Summoning                    2
   d - Slow                           Hexes                        2
   e - Conjure Flame                  Conjuration/Fire             3
   f - Mephitic Cloud                 Conjuration/Poison/Air       3
 H - a book of the Sky

   Spells                             Type                      Level
   a - Summon Lightning Spire         Summoning/Air                4
   b - Silence                        Hexes/Air                    5
   c - Deflect Missiles               Charms/Air                   6
   d - Conjure Ball Lightning         Conjuration/Air              6
   e - Tornado                        Air                          9
 K - a book of Misfortune

   Spells                             Type                      Level
   a - Confusing Touch                Hexes                        1
   b - Confuse                        Hexes                        3
   c - Gell's Gravitas                Translocation                3
   d - Petrify                        Transmutation/Earth          4
   e - Metabolic Englaciation         Hexes/Ice                    5
   f - Yara's Violent Unravelling     Hexes/Transmutation          5
Comestibles
 d - 33 rations


   Skills:
 + Level 10.1 Fighting
 + Level 7.3 Armour
 + Level 6.3 Dodging
 - Level 2.4 Stealth
 - Level 4.0 Shields
 + Level 15.1 Unarmed Combat
 + Level 4.0 Spellcasting
 - Level 1.0 Conjurations
 - Level 1.0 Summonings
 - Level 1.0 Translocations
 - Level 7.0 Invocations


You had 10 spell levels left.
You knew the following spells:

 Your Spells              Type           Power        Failure   Level  Hunger
a - Magic Dart            Conj           ##..         52%         1    None
b - Blink                 Tloc           N/A          65%         2    None
c - Conjure Flame         Conj/Fire      #.......     91%         3    ##.....
d - Mephitic Cloud        Conj/Pois/Air  #.......     93%         3    ##.....
e - Call Imp              Summ           ##......     65%         2    None


Dungeon Overview and Level Annotations

Branches:
Dungeon (14/15)            Temple (1/1) D:5            Lair (0/6) D:8
    Orc (0/2) D:12         Vaults (0/5) D:14

Altars:
Ashenzari
Cheibriados
Dithmenos
Elyvilon
Fedhas
Gozag
Hepliaklqana
Kikubaaqudgha
Makhleb
Nemelex Xobeh
Okawaru
Qazlal
Ru
Sif Muna
Trog
Uskayaw
Vehumet
Wu Jian
Xom
Yredelemnul
Zin
The Shining One
Lugonu

Shops:
D:11 }   D:12 }}(


Innate Abilities, Weirdness & Mutations

You have razor-sharp teeth.
You heal very quickly.
When hurt, damage is shared between your health and your magic reserves.
Your bite disrupts and absorbs the magic of your enemies.
Potions cannot restore your health.
You are immune to rotting.
You have large cloven feet.
You are partially covered in molten scales. (AC +2)
Your flesh is heat resistant. (rF+)
You expend magic power (3 MP) to strengthen your wands.


Message History

Unknown command.
Unknown command.
You punch the vault guard!
You kill the vault guard!
Cheibriados appreciates the change of pace.
Your Spellcasting skill increases to level 4!
The meliai invokes the aid of its god against you.
Something smites you!
* * * LOW HITPOINT WARNING * * *
The cyclops throws a large rock.
The large rock hits you!
* * * LOW HITPOINT WARNING * * *
Unknown command.
Okay, then.
Okay, then.
As you read the scroll of fear, it crumbles to dust.
You assume a fearsome visage.
The cyclops resists with some effort.
The vault guard looks frightened!
The catoblepas looks frightened!
The meliai looks frightened!
The cyclops throws a large rock.
The large rock hits you!
You die...

....... .. #..[.#
#######. #...# #....##.
#..# #....##. ### ##
##..# #....#.. #... .#
##..### #....#..
.#...#.##.....####.......
.....p.#)...#.........#..
.Y.∩..C)@.............#..
......)#)...###.##....###
.#..y#.##...# #.......#
#... .# ##..# ###.....#
### ## ##.# ####..# #.#
#### .#


You could see a catoblepas (fleeing), a vault guard (fleeing), a cyclops and a
meliai (fleeing).

Vanquished Creatures
  Kirke (D:13)
  Nessos (D:13)
  The ghost of toffzen the Fighter, a journeyman MiNe of Makhleb (D:14)
  Fannar (D:11)
  3 hydras
  3 vault guards (D:14)
  A catoblepas (D:13)
  3 two-headed ogres
  A tengu warrior (D:14)
  Urug (D:10)
  The ghost of jazmu the Fighter, a novice FoMo of Okawaru (D:10)
  7 unseen horrors
  A wizard (D:12)
  2 deep elf magi
  2 ugly things
  3 manticores
  6 cyclopes
  Psyche (D:8)
  2 gargoyles
  A freezing wraith (D:11)
  A komodo dragon (D:12)
  2 kobold demonologists (D:13)
  The ghost of inmateoo the Firebug, a novice DEFE (D:9)
  The ghost of inmateoo the Firebug, a novice DEFE (D:5)
  A queen bee (D:12)
  A hornet (D:9)
  5 meliai
  A troll (D:9)
  4 slime creatures
  6 hippogriffs
  A yak (D:12)
  A spriggan (D:10)
  A wyvern (D:8)
  3 hogs (D:13)
  A vampire (D:11)
  4 wraiths
  A hungry ghost (D:9)
  2 vampire mosquitoes (D:14)
  2 soldier ants
  Duvessa (D:4)
  4 ice beasts
  9 orc warriors
  3 phantoms
  8 ogres
  A black bear (D:9)
  2 sky beasts
  A necrophage (D:8)
  An eye of draining (D:13)
  8 centaurs
  A crocodile (D:8)
  A big kobold (D:11)
  11 bullfrogs
  A wyvern zombie (D:11)
  A wyvern skeleton (D:8)
  Dowan (D:4)
  6 scorpions
  31 killer bees
  4 howler monkeys
  9 crimson imps
  An electric eel (D:12)
  3 centaur zombies
  A bullfrog zombie (D:6)
  7 hounds
  6 jellies
  5 bullfrog skeletons
  8 orc priests
  2 human zombies (Ossuary)
  16 orc wizards
  4 centaur skeletons
  2 iguanas
  11 worker ants
  A hound skeleton (D:7)
  A hound zombie (D:5)
  2 mummies (Ossuary)
  19 adders
  A howler monkey skeleton (D:11)
  3 gnolls (D:7)
  A river rat (D:4)
  6 shadow imps
  2 oozes
  2 adder zombies
  An adder skeleton (D:6)
  4 worms
  2 dart slugs (D:2)
  5 leopard geckos
  56 orcs
  7 giant cockroaches
  4 goblins
  6 hobgoblins
  18 jackals
  3 quokkas
  3 ball pythons
  7 bats
  4 frilled lizards
  A gnoll zombie (Ossuary)
  2 goblin zombies (Ossuary)
  A hobgoblin zombie (Ossuary)
  A jackal skeleton (D:4)
  17 kobolds
  A leopard gecko zombie (D:6)
  An orc zombie (Ossuary)
  A quokka skeleton (D:6)
  A quokka zombie (D:7)
  6 rats
441 creatures vanquished.

Vanquished Creatures (others)
  An orc (D:12)
  A quokka (D:5)
2 creatures vanquished.

Grand Total: 443 creatures vanquished

Notes
Turn   | Place    | Note
-------+----------+-------------------------------------------
     0 | D:1      | inmateoo the Vine Stalker Wizard began the quest for the Orb.
     0 | D:1      | Reached XP level 1. HP: 9/9 MP: 5/5
   186 | D:1      | Reached skill level 1 in Unarmed Combat
   193 | D:1      | Reached XP level 2. HP: 6/13 MP: 4/7
   730 | D:1      | Reached skill level 2 in Unarmed Combat
  1015 | D:2      | Reached XP level 3. HP: 16/16 MP: 4/8
  1162 | D:2      | Reached skill level 3 in Unarmed Combat
  1705 | D:2      | Gained mutation: Your natural rate of healing is unusually fast. [Vine Stalker growth]
  1705 | D:2      | Reached XP level 4. HP: 21/21 MP: 9/9
  1973 | D:2      | Reached skill level 1 in Fighting
  2115 | D:2      | Reached skill level 4 in Unarmed Combat
  2175 | D:3      | Found a burning altar of Makhleb.
  2175 | D:3      | Found a glowing silver altar of Zin.
  2176 | D:3      | Noticed an angel
  2176 | D:3      | Noticed a cacodemon
  2259 | D:3      | Reached XP level 5. HP: 25/25 MP: 10/10
  2609 | D:3      | Found a shimmering altar of Xom.
  3054 | D:4      | Noticed an ogre
  3134 | D:3      | Gained mutation: Your flesh is heat resistant. (rF+) [potion of mutation]
  3134 | D:3      | Gained mutation: You are partially covered in molten scales. (AC +2) [potion of mutation]
  3134 | D:3      | Gained mutation: You expend magic power (3 MP) to strengthen your wands. [potion of mutation]
  3134 | D:3      | Gained mutation: You have large cloven feet. [potion of mutation]
  3155 | D:4      | Noticed Duvessa
  3200 | D:4      | Noticed an ogre
  3438 | D:4      | Killed an ogre
  3438 | D:4      | Reached skill level 5 in Unarmed Combat
  3438 | D:4      | Reached XP level 6. HP: 31/31 MP: 8/11
  3665 | D:4      | Reached skill level 6 in Unarmed Combat
  3665 | D:4      | Reached XP level 7. HP: 25/35 MP: 7/12
  3748 | D:4      | Found a hazy altar of Hepliaklqana.
  3748 | D:4      | Found an iron altar of Okawaru.
  3748 | D:4      | Found a shattered altar of Ashenzari.
  3792 | D:4      | Noticed Dowan
  3809 | D:4      | Killed Duvessa
  3809 | D:4      | Reached skill level 1 in Armour
  3827 | D:4      | Killed Dowan
  4121 | D:5      | Entered Level 5 of the Dungeon
  4276 | D:5      | Found a white marble altar of Elyvilon.
  4297 | D:5      | Reached skill level 7 in Unarmed Combat
  4297 | D:5      | Gained mutation: You have razor-sharp teeth. [Vine Stalker growth]
  4297 | D:5      | Reached XP level 8. HP: 24/42 MP: 6/13
  4317 | D:5      | Found a sand-covered staircase.
  4323 | Ossuary  | Entered an ossuary
  4618 | D:5      | Found a staircase to the Ecumenical Temple.
  4625 | Temple   | Entered the Ecumenical Temple
  4648 | Temple   | Became a worshipper of Cheibriados the Contemplative
  4803 | D:5      | Noticed inmateoo's ghost (novice DEFE)
  4824 | D:5      | Killed inmateoo's ghost
  4824 | D:5      | Reached skill level 8 in Unarmed Combat
  5088 | D:5      | HP: 2/42 [centaur/arrow (3)]
  5193 | D:5      | Reached XP level 9. HP: 36/46 MP: 10/14
  5305 | D:5      | Found a sparkling altar of Nemelex Xobeh.
  5584 | D:6      | Reached skill level 5 in Fighting
  5614 | D:6      | Reached * piety under Cheibriados
  5744 | D:6      | Reached skill level 9 in Unarmed Combat
  5753 | D:6      | Found a glowing golden altar of the Shining One.
  5753 | D:6      | Found a blossoming altar of Fedhas.
  5755 | D:6      | Found a deep blue altar of Sif Muna.
  6272 | D:6      | Reached ** piety under Cheibriados
  6324 | D:6      | Found a sacrificial altar of Ru.
  6326 | D:6      | Found a basalt altar of Yredelemnul.
  7143 | D:7      | Learned a level 2 spell: Blink
  7147 | D:7      | Learned a level 3 spell: Conjure Flame
  7151 | D:7      | Learned a level 3 spell: Mephitic Cloud
  7154 | D:7      | Learned a level 2 spell: Call Imp
  7165 | D:8      | Reached skill level 10 in Unarmed Combat
  7202 | D:8      | Noticed Psyche
  7219 | D:8      | Reached *** piety under Cheibriados
  7221 | D:8      | Reached XP level 10. HP: 44/53 MP: 13/15
  7233 | D:8      | Killed Psyche
  7284 | D:8      | Found a staircase to the Lair.
  7536 | D:8      | Reached skill level 11 in Unarmed Combat
  7632 | D:9      | Noticed inmateoo's ghost (novice DEFE)
  7658 | D:9      | Killed inmateoo's ghost
  7763 | D:9      | Noticed a manticore
  7774 | D:9      | Killed a manticore
  7813 | D:9      | Reached skill level 12 in Unarmed Combat
  7828 | D:9      | Reached **** piety under Cheibriados
  7916 | D:9      | Noticed a two-headed ogre
  7924 | D:9      | Killed a two-headed ogre
  8292 | D:10     | Entered Level 10 of the Dungeon
  8381 | D:10     | Reached XP level 11. HP: 50/58 MP: 14/16
  8384 | D:10     | Killed an unseen horror
  8442 | D:10     | Noticed jazmu's ghost (novice FoMo)
  8453 | D:10     | Killed jazmu's ghost
  8453 | D:10     | Reached skill level 1 in Invocations
  8706 | D:10     | Reached ***** piety under Cheibriados
  8941 | D:10     | Reached skill level 13 in Unarmed Combat
  8954 | D:10     | Noticed Urug
  8958 | D:10     | Killed Urug
  9329 | D:11     | Noticed a cyclops
  9330 | D:11     | Noticed Fannar
  9361 | D:11     | Killed Fannar
  9364 | D:11     | Killed a cyclops
  9372 | D:11     | Identified a scroll of acquirement
  9398 | D:11     | Noticed a two-headed ogre
  9412 | D:11     | Killed a two-headed ogre
  9445 | D:11     | Noticed a six-headed hydra
  9446 | D:11     | Reached skill level 5 in Dodging
  9447 | D:11     | Reached skill level 1 in Shields
  9453 | D:11     | Killed a six-headed hydra
  9625 | D:11     | Killed an unseen horror
  9625 | D:11     | Gained mutation: You heal very quickly. [Vine Stalker growth]
  9625 | D:11     | Reached XP level 12. HP: 51/65 MP: 14/17
  9782 | D:11     | Found Utuanod's Gadget Emporium.
 10054 | D:12     | Found Anwiu's Weapon Shop.
 10179 | D:12     | Found Osmarhee's Gadget Boutique.
 10298 | D:12     | Noticed a six-headed hydra
 10337 | D:12     | Killed a six-headed hydra
 10337 | D:12     | Reached skill level 14 in Unarmed Combat
 10369 | D:12     | Reached ****** piety under Cheibriados
 10435 | D:12     | Found a staircase to the Orcish Mines.
 10564 | D:12     | Found Zyn Jira's Gadget Boutique.
 10880 | D:12     | Reached skill level 5 in Invocations
 11065 | D:12     | Got a slimy dagger
 11066 | D:12     | Identified the +2 dagger "Ajueh" {antimagic, +Blink} (You found it on level 12 of the Dungeon)
 11482 | D:13     | Reached XP level 13. HP: 70/70 MP: 18/18
 11524 | D:13     | Noticed Nessos
 11542 | D:13     | Killed Nessos
 11716 | D:13     | Reached skill level 15 in Unarmed Combat
 11770 | D:13     | Noticed Kirke
 11783 | D:13     | Killed Kirke
 11826 | D:13     | Reached skill level 5 in Armour
 12156 | D:14     | Reached skill level 10 in Fighting
 12164 | D:14     | Noticed toffzen's ghost (journeyman MiNe)
 12376 | D:14     | Killed toffzen's ghost
 12427 | D:14     | Found a gate to the Vaults.
 12427 | D:14     | Noticed a vault guard
 12427 | D:14     | Noticed a vault guard
 12427 | D:14     | Noticed a vault guard
 12428 | D:14     | Noticed a vault guard
 12440 | D:14     | Killed a vault guard
 12441 | D:14     | Killed a vault guard
 12443 | D:14     | Reached XP level 14. HP: 48/77 MP: 3/20
 12452 | D:14     | Hit by a large rock thrown by a cyclops

Skill      XL: |  1  2  3  4  5  6  7  8  9 10 11 12 13 14 |
---------------+-------------------------------------------+-----
Unarmed Combat | 1 2 3 4 5 6 7 8 10 12 13 14 15 | 15.1
Fighting       | 1 2 3 4 6 7 8 9 10 | 10.1
Armour         | 2 3 7 |  7.3
Dodging        | 2 3 5 6 |  6.3
Invocations    | 3 5 7 |  7.0
Shields        | 1 4 |  4.0
Spellcasting   | 4 |  4.0
Stealth        | |  2.4
Conjurations   | |  1.0
Summonings     | |  1.0
Translocations | |  1.0

Action                   |  1- 3 |  4- 6 |  7- 9 | 10-12 | 13-15 || total
-------------------------+-------+-------+-------+-------+-------++-------
Melee: Unarmed           |    70 |   197 |   423 |   477 |   207 ||  1374
       Bite              |    17 |    46 |   107 |   236 |   117 ||   523
       Punch             |       |     3 |    16 |    28 |       ||    47
       Kick              |       |    18 |   120 |     9 |       ||   147
       Dagger            |       |     6 |    44 |       |       ||    50
 Cast: Magic Dart        |    55 |     3 |       |       |       ||    58
       Call Imp          |       |       |       |     2 |       ||     2
       Mephitic Cloud    |       |       |       |     2 |       ||     2
Invok: Slouch            |       |       |       |     4 |     8 ||    12
Evoke: Wand              |       |       |     7 |     3 |     2 ||    12
  Use: Scroll            |       |     5 |     7 |     9 |     2 ||    23
       Potion            |       |     1 |     4 |     3 |       ||     8
 Stab: Sleeping          |       |     2 |     3 |     4 |       ||     9
       Distracted        |       |       |       |     2 |       ||     2
       Paralysed         |       |       |       |       |     2 ||     2
  Eat: Chunk             |     2 |     7 |     6 |     8 |     3 ||    26
       Ration            |       |       |     1 |     1 |       ||     2
Armor: Robe              |    27 |     5 |       |       |       ||    32
       Ring mail         |       |    59 |    17 |   126 |       ||   202
       Leather armour    |       |     2 |   147 |    58 |       ||   207
       Skin              |       |     2 |       |    11 |       ||    13
       Plate armour      |       |       |       |     4 |    71 ||    75
Dodge: Dodged            |    88 |   106 |   236 |   272 |    59 ||   761
Block: Buckler           |       |       |       |    77 |    58 ||   135
